 Dungeon Crawl Stone Soup version 0.18-a0-1639-g7533f42 (webtiles) character file.

542 namelastname112 the Martial Artist (level 7, 23/57 HPs)
             Began as a Green Draconian Monk on Mar 27, 2016.
             Quit the game in an ossuary.
             The game lasted 00:05:13 (3553 turns).

namelastname112 the Martial Artist (DrMo)           Turns: 3553, Time: 00:05:13

Health: 23/57      AC:  5    Str: 13    XL:     7   Next: 6%
Magic:  7/7        EV: 13    Int: 11    God:
Gold:   159        SH:  0    Dex: 15    Spells: 0 memorised, 6 levels left

rFire  . . .     SeeInvis .       - Unarmed
rCold  + . .     Gourm    .     (armour unavailable)
rNeg   + . .     Faith    .     (no shield)
rPois  +         Spirit   .     (helmet restricted)
rElec  .         Dismiss  .     (no cloak)
rCorr  .         Reflect  .     (no gloves)
SustAt .         Harm     .     g - -2 pair of boots (curse)
MR     .....                    (no amulet)
Stlth  ++........               q - ring of positive energy
                                l - ring of protection from cold

@: not resistant to hostile enchantments, unstealthy
A: breathe noxious fumes, unfitting armour, poison resistance, cold-blooded, AC
+6
a: Breathe Noxious Fumes


You were in an ossuary.
You were hungry.

You visited 1 branch of the dungeon, and saw 4 of its levels.
You also visited: Ossuary.

You collected 159 gold pieces.

Inventory:

Armour
 g - a cursed -2 pair of boots (worn)
Jewellery
 l - a ring of protection from cold (left hand)
 q - a ring of positive energy (right hand)
Wands
 k - a wand of flame (13/48)
 n - a wand of paralysis (15/24)
Scrolls
 b - a scroll of recharging {unknown}
 c - a scroll of amnesia {unknown}
 e - 5 scrolls of remove curse {unknown}
 f - a scroll of teleportation {unknown}
 h - 2 scrolls of random uselessness {unknown}
 j - 4 scrolls of identify {unknown}
 o - a scroll of enchant armour {unknown}
Potions
 m - a potion of lignification {unknown}
 p - a potion of magic {unknown}
 r - a potion of cancellation {unknown}
Comestibles
 a - 4 bread rations
 i - 2 meat rations
 t - a fruit


   Skills:
 - Level 3.2 Fighting
 - Level 2.6 Dodging
 - Level 1.7 Stealth
 + Level 8.6 Unarmed Combat


You had 6 spell levels left.
You didn't know any spells.

Dungeon Overview and Level Annotations

Branches:
Dungeon (4/15)
 Temple: D:4-7

Altars:
Gozag
Okawaru
Pakellas
Ru
Xom

Annotations:
D:4 Edmund


Innate Abilities, Weirdness & Mutations

You can breathe blasts of noxious fumes.
Your lurid green scales are hard (AC +6).
Your body does not fit into most forms of armour.
Your system is resistant to poisons.
You are cold-blooded and may be slowed by cold attacks.


Message History

You resist with some effort.
You punch the decayed bog body! You tail-slap the decayed bog body.
The decayed bog body is severely damaged.
The decayed bog body barely misses you.
The decayed bog body closely misses you.
You hit the decayed bog body.
Your tail-slap misses the decayed bog body.
The decayed bog body is severely damaged.
The decayed bog body closely misses you.
The decayed bog body misses you.
You barely miss the decayed bog body. You tail-slap the decayed bog body.
The decayed bog body is almost destroyed.
You hit the decayed bog body.
You destroy the decayed bog body!
You have reached level 7!
Your scales start taking on a lurid green colour.
You learn Poison Magic much quicker.
You can breathe blasts of noxious fumes.
You feel resistant to poisons.
Are you sure you want to abandon this character and quit the game? (Confirm with "yes".)

##### #..∩#
# #.∩.#
+≈#..@# #
#.##†##≈##'#
+.≈≈Z.n≈≈..Z
#'#≈≈.#.≈.#'
#≈≈≈≈PMP#P#
≈.#
≈≈≈≈≈#≈≈≈#≈#
## ≈≈#≈
≈≈#≈##≈# #
≈≈# #≈ ≈≈#
##≈ ## ##


You could see a mummy and a worker ant zombie.

Vanquished Creatures
  3 bog bodies (Ossuary)
  2 centaur zombies (Ossuary)
  An orc priest (D:4)
  An orc wizard (D:4)
  Natasha (thrice) (D:2)
  A worker ant (D:4)
  A killer bee zombie (Ossuary)
  A mummy (Ossuary)
  7 adders
  A gnoll (D:1)
  An ooze (D:4)
  2 worms (D:3)
  4 dart slugs
  2 giant geckos (D:3)
  9 orcs
  A ball python (D:3)
  4 giant cockroaches
  9 goblins
  9 hobgoblins
  4 jackals (D:1)
  8 kobolds
  4 quokkas
  7 bats
  A giant cockroach zombie (Ossuary)
  4 giant newts
  8 rats
98 creatures vanquished.

Vanquished Creatures (others)
  3 withered plants (Ossuary)
3 creatures vanquished.

Grand Total: 101 creatures vanquished

Notes
Turn   | Place    | Note
--------------------------------------------------------------
     0 | D:1      | namelastname112 the Draconian Monk began the quest for the Orb.
     0 | D:1      | Reached XP level 1. HP: 19/19 MP: 1/1
   210 | D:1      | Reached XP level 2. HP: 26/26 MP: 2/2
   491 | D:1      | Reached skill level 5 in Unarmed Combat
   491 | D:1      | Reached XP level 3. HP: 23/31 MP: 3/3
   862 | D:2      | Reached XP level 4. HP: 36/38 MP: 4/4
   987 | D:2      | Noticed Natasha
   998 | D:2      | Killed Natasha
   998 | D:2      | Reached skill level 6 in Unarmed Combat
  1387 | D:2      | Noticed Natasha
  1461 | D:2      | Killed Natasha
  1461 | D:2      | Reached XP level 5. HP: 24/45 MP: 5/5
  1555 | D:2      | Noticed Natasha
  1569 | D:2      | Killed Natasha
  1728 | D:2      | Found an opulent altar of Gozag.
  1807 | D:2      | Found a sacrificial altar of Ru.
  2331 | D:3      | Reached skill level 7 in Unarmed Combat
  2582 | D:3      | Found a shimmering altar of Xom.
  2720 | D:3      | Found a shimmering altar of Xom.
  2720 | D:3      | Found an oddly glowing altar of Pakellas.
  2720 | D:3      | Found an iron altar of Okawaru.
  3078 | D:4      | Noticed Edmund
  3128 | D:4      | Reached XP level 6. HP: 38/51 MP: 6/6
  3206 | D:4      | Found a sand-covered staircase.
  3246 | Ossuary  | Entered an ossuary
  3422 | Ossuary  | Reached skill level 8 in Unarmed Combat
  3552 | Ossuary  | Your scales start taking on a lurid green colour.
  3552 | Ossuary  | Reached XP level 7. HP: 23/57 MP: 7/7
  3552 | Ossuary  | Gained mutation: Your system is resistant to poisons. [Green Draconian growth]
  3553 | Ossuary  | Quit the game

Vault maps used:
D:1:      minmay_arrival_four_loops
D:2:      nicolae_gozag_cash_rules_everything_around_me, lemuel_round_altar,
          minmay_tree_intersection, uniq_natasha
D:3:      gammafunk_temple_overflow_claw, xom_teletrap_fun
D:4:      first_bread, enter_ossuary_1, uniq_duvessa, uniq_purgy, uniq_edmund
Ossuary:  ossuary_zaba_flooded

Skill      XL: |  1  2  3  4  5  6 |
---------------+-------------------+-----
Unarmed Combat | 5 6 7 8 |  8.6
Fighting       | |  3.2
Dodging        | |  2.6
Stealth        | |  1.7

Action                   |  1- 3 |  4- 6 |  7- 9 || total
-------------------------+-------+-------+-------++-------
Melee: Unarmed           |    95 |   237 |       ||   332
  Use: Potion            |       |     4 |       ||     4
 Stab: Sleeping          |     3 |     7 |       ||    10
       Distracted        |       |     1 |       ||     1
  Eat: Chunk             |       |     8 |       ||     8
